 Dungeon Crawl Stone Soup version 0.31-a0-210-gccc998df9b (webtiles) character file.

Game seed: 1853330252274785363

53 qw the Shooter (level 3, -4/29 HPs)
             Began as a Minotaur Hexslinger on June 29, 2023.
             Killed from afar by an orc wizard (5 damage)
             ... with a puff of flame
             ... on level 3 of the Dungeon.
             The game lasted 00:00:30 (1460 turns).

qw the Shooter (Minotaur Hexslinger)                Turns: 1460, Time: 00:00:30

Health: -4/29      AC:  5    Str: 12    XL:     3   Next: 62%
Magic:  3/3        EV: 11    Int: 10    God:
Gold:   94         SH:  0    Dex: 14    Spells: 3/4 levels left

rFire   . . .        f - +1 sling (heavy)
rCold   . . .        (no shield)
rNeg    . . .        d - +0 ring mail
rPois   .            (helmet restricted)
rElec   .            (no cloak)
rCorr   .            (no gloves)
SInv    .            (no boots)
Will    .....        b - amulet of faith
Stlth   +            (no ring)
HPRegen 0.24/turn    (no ring)
MPRegen 0.08/turn

%: faith
@: no status effects
A: horns 2, retaliatory headbutt
a: no special abilities


You were on level 3 of the Dungeon.
You visited 1 branch of the dungeon, and saw 3 of its levels.

You collected 94 gold pieces.


Innate Abilities, Weirdness & Mutations

You have a pair of horns on your head.
You reflexively headbutt those who attack you in melee.


   Skills:
 - Level 2.0 Fighting
 - Level 4.1 Ranged Weapons
 + Level 0.7 Armour
 - Level 2.1 Dodging
 - Level 1.0 Spellcasting
 - Level 2.0 Hexes


You had 3 spell levels left.
You knew the following spells:

 Your Spells              Type           Power      Damage    Failure   Level
a - Slow                  Hex            16%        N/A       34%         1

Your spell library contained the following spells:

 Spells                   Type           Power      Damage    Failure   Level
 Inner Flame              Hex/Fire       2%         N/A       83%         3
 Portal Projectile        Hex/Tloc       4%         N/A       83%         3
 Cause Fear               Hex            2%         N/A       98%         4

Inventory:

Hand Weapons
 f - a +1 heavy sling (weapon)
Armour
 d - a +0 ring mail (worn)
Jewellery
 b - an amulet of faith (around neck)
Potions
 g - a potion of curing
 h - a potion of berserk rage {unknown}

Dungeon Overview and Level Annotations

Branches:
Dungeon (3/15)

Altars:

Shops:
D:2 [


Message History

The orc wizard shouts!
An orc comes into view. It is wielding a +0 flail.
There is an open door here.
You shoot a sling bullet. The sling bullet hits the orc wizard.
The orc wizard is moderately wounded.
You shoot a sling bullet. The sling bullet hits the orc wizard.
The orc wizard is heavily wounded.
You shoot a sling bullet.
The sling bullet closely misses the orc wizard.
You shoot a sling bullet. The sling bullet hits the orc wizard.
The orc wizard is heavily wounded.
The orc barely misses you.
You shoot a sling bullet. The sling bullet hits the orc wizard.
The orc wizard is severely wounded.
The orc barely misses you.
The orc wizard hits you with a +0 dagger.
The orc hits you with a +0 flail.
The orc wizard casts a spell.
The orc wizard flickers and vanishes!
Deactivating autopickup; reactivate with Ctrl-A.
The orc completely misses you.
You shoot a sling bullet. The sling bullet hits the orc.
The orc is heavily wounded.
The orc hits you from afar with a +0 trident.
The orc misses you. You furiously retaliate!
You headbutt the orc.
You kill the orc!
Something hits you but does no damage. x2; The orc barely misses you.
You shoot a sling bullet. The sling bullet hits the orc.
The orc is heavily wounded.
The orc misses you. Something hits you. x2
The orc hits you from afar with a +0 trident.
You shoot a sling bullet. The sling bullet hits the orc!
You kill the orc!
You hear some strange, mumbled words.
A magic dart appears from out of thin air!
The magic dart hits you!
You hear some strange, mumbled words.
A puff of flame appears from out of thin air!
The puff of flame hits you.
You die...

#.#...# #.#...#
#<##..# #.##..#
#+## #.....# #...#
####.### #.."..
#.#.## #......
#....####)......
##.......@{......
##)#...####.)...[.
##.###.## #......
##.## ##.## #.....
#.## ##.# #...#
##.## ##.## #+##
##.###.## ##.#.##
##.##


There were no monsters in sight!

Vanquished Creatures
  An adder (D:2)
  A dart slug (D:1)
  3 orcs (D:3)
  4 ball pythons (D:2)
  2 endoplasms (D:1)
  5 goblins
  5 hobgoblins
  4 quokkas
  2 bats
  3 frilled lizards
  2 kobolds
  9 rats
41 creatures vanquished.

Notes
Turn   | Place    | Note
-------+----------+-------------------------------------------
     0 | D:1      | qw the Minotaur Hexslinger began the quest for the Orb.
     0 | D:1      | Reached XP level 1. HP: 16/16 MP: 1/1
     0 | D:1      | 0 ||| qw: Version: 0.3-a-24-ga2abf7b
     0 | D:1      | 0 ||| qw: Game counter: 6866
     0 | D:1      | 0 ||| qw: Melee chars always use a shield: true
     0 | D:1      | 0 ||| qw: God list: Okawaru
     0 | D:1      | 0 ||| qw: Allow faded altars: false
     0 | D:1      | 0 ||| qw: Do Orc after clearing Dungeon:15 true
     0 | D:1      | 0 ||| qw: Do second Lair branch before Depths: true
     0 | D:1      | 0 ||| qw: Lair rune preference: random
     0 | D:1      | 0 ||| qw: Goals: Normal
     0 | D:1      | 0 ||| PLANNING D:1-11
   237 | D:1      | Reached skill level 3 in Ranged Weapons
   237 | D:1      | Reached XP level 2. HP: 16/23 MP: 2/2
   612 | D:1      | 612 ||| UPGRADING to +0 ring mail.
   622 | D:1      | 622 ||| DROPPING +0 robe.
   623 | D:1      | 623 ||| READING scroll labelled GIBLI GIFFOIC.
   624 | D:1      | 624 ||| READING scroll labelled DEROTU WEGHELUE.
   625 | D:1      | 625 ||| DROPPING scroll of poison.
   769 | D:2      | Reached XP level 3. HP: 29/29 MP: 3/3
  1006 | D:2      | Found Buihauss's Armour Shoppe.
  1166 | D:2      | Reached skill level 4 in Ranged Weapons
  1290 | D:2      | 1290 ||| UPGRADING to amulet of faith.
  1295 | D:2      | 1295 ||| READING scroll labelled HOPYCLA ETITHEU.
  1300 | D:2      | 1300 ||| READING scroll labelled OZOKKUEKH XELE.
  1401 | D:2      | 1401 ||| DRINKING 2 blue potions.
  1460 | D:3      | HP: 1/29 [something/magic dart (10)]
  1460 | D:3      | Killed from afar by an orc wizard

Levels and vault maps discovered:
D:1:      lemuel_arrival_tunnels, layout_basic
D:2:      layout_basic, serial_shops, shop
D:3:      layout_loops_corners, grunt_temple_overflow_forces_of_nature,
          gammafunk_temple_overflow_pools

Skill      XL: |  1  2  3 |
---------------+----------+-----
Ranged Weapons | 3 4 |  4.1
Fighting       | 2 |  2.0
Armour         | |  0.7
Dodging        | |  2.1
Spellcasting   | |  1.0
Hexes          | |  2.0

Action                     || total
---------------------------++-------
   Fire: Sling             ||    92
    Use: Scroll            ||     4
         Potion            ||     1
 Armour: Robe              ||     2
         Ring mail         ||     5
  Dodge: Dodged            ||    33

Table legend:
 A = Non-vault XP
 B = Vault XP
 C = Vault XP percentage of total XP
 D = Non-vault monster count
 E = Vault monster count
 F = Vault count percentage of total count
                 A         B        C        D         E       F
            +---------+---------+-------+---------+---------+-------
      Total |      79 |       0 |   0.0 |      41 |       0 |   0.0
            +---------+---------+-------+---------+---------+-------
        D:1 |      34 |       0 |   0.0 |      21 |       0 |   0.0
        D:2 |      36 |       0 |   0.0 |      17 |       0 |   0.0
        D:3 |       9 |       0 |   0.0 |       3 |       0 |   0.0
            +---------+---------+-------+---------+---------+-------
